Unix NetHack Version 3.7.0-97 Work-in-progress - last build Feb 8 2024 15:05:57 (6d6cdf8371b60126770a3d7b88910941cb14a054,branch:master). Game began 2024-02-18 12:07:56, ended 2024-02-18 14:53:36. elenmirie, neutral female gnomish Archeologist # ------------ --|---- |..........+ |.`...+ ------- ----- |..........| |.....| |.....| |...| |..........| |.....| |.....+ +...| -.----.---.- |.....| |.....| |...| ######## # +....<| ----.-- +...| ##0# ------- # # |...| ###### # ###@'######....| -|--.-### # ## #----- |....|############ # ## ---- |....|## #### ###### |...#######.....| # -.-----.---.-- |..| -+-+-- ##-............| ---- |..........(.| |............| -------------- Elenmirie the Investigator St:11 Dx:14 Co:18 In:17 Wi:14 Ch:8 Neutral Dlvl:6 $:7 HP:0(55) Pw:41(41) AC:4 Xp:6/575 T:4297 Latest messages: You must have been exercising diligently. You stop searching. The killer bee misses! The killer bee misses! You kill the killer bee! You see here a killer bee corpse. What do you want to use or apply? [ae-gwx or ?*] t You don't have that object. What do you want to use or apply? [ae-gwx or ?*] ? What do you want to use or apply? [ae-gwx or ?*] f There is a killer bee corpse here; tin it? [ynq] (n) y v - a tin of killer bee meat. You kill the killer bee! The killer bee stings! You miss the killer bee. The killer bee stings! You lash the killer bee. The killer bee stings! The killer bee misses! The killer bee stings! You miss the killer bee. The killer bee stings! The killer bee stings! The killer bee misses! The killer bee stings! You kill the killer bee! The killer bee stings! You miss the killer bee. The killer bee stings! The killer bee just misses! You kill the killer bee! What do you want to eat? [dmnqvyL or ?*] ? What do you want to eat? [dmnqvyL or ?*] Never mind. The gold golem hits! The gold golem hits again! You miss the gold golem. The gold golem hits! The gold golem hits again! You lash the gold golem. The gold golem hits! The gold golem hits again! You lash the gold golem. The gold golem hits! You die... Do you want your possessions identified? [ynq] (y) y Do you want to see your attributes? [ynq] (y) y Do you want an account of creatures vanquished? [ynaq] (y) y Do you want to see your conduct and achievements? [ynq] (y) y Do you want to see the dungeon overview? [ynq] (y) y Inventory: Coins $ - 7 gold pieces Weapons h - 10 uncursed +0 darts (at the ready) a - an uncursed +2 bullwhip (weapon in right hand) Armor c - an uncursed +0 fedora (being worn) s - an uncursed +0 pair of kicking boots (being worn) r - an uncursed +0 mummy wrapping k - an uncursed +0 elven mithril-coat (being worn) Comestibles y - an uncursed carrot d - 2 uncursed food rations m - an uncursed partly eaten food ration n - an uncursed fortune cookie q - 2 uncursed tripe rations v - an uncursed homemade tin of killer bee meat L - an uncursed lizard corpse Tools w - an uncursed sack containing 12 items e - an uncursed +0 pick-axe f - an uncursed tinning kit (0:56) x - an uncursed towel Gems/Stones g - an uncursed touchstone Contents of the sack: 3866 gold pieces a blessed scroll of confuse monster an uncursed scroll of enchant weapon 2 uncursed scrolls of identify a blessed scroll of light an uncursed scroll of light an uncursed scroll of punishment an uncursed potion of booze an uncursed potion of fruit juice a blessed potion of full healing an uncursed potion of healing a blessed potion of object detection Elenmirie the Archeologist's attributes: Background: You were an Investigator, a level 6 female gnomish Archeologist. You were neutral, on a mission for Camaxtli who was opposed by Quetzalcoatl (lawful) and Huhetotl (chaotic). You were right-handed. You were in the Dungeons of Doom, on level 6. You entered the dungeon 4297 turns ago. You had 575 experience points, 65 more were needed to attain level 7. Basics: You had 0 out of 55 hit points. You had all 41 energy points (spell power). Your armor class was 4. Your wallet contained 7 zorkmids, and you had 3866 more stashed away in your pack. Autopickup was on for '$' plus thrown. Final Characteristics: Your strength was 11 (limit:18/50). Your dexterity was 14 (limit:18). Your constitution was 18 (limit:18). Your intelligence was 17 (limit:19). Your wisdom was 14 (limit:18). Your charisma was 8 (limit:18). Final Status: You weren't hungry. You were unencumbered. You were wielding a whip. You had basic skill with whip and could have enhanced that. Final Attributes: You were piously aligned. You had automatic searching. You had infravision. You were stealthy. You were guarded. You are dead. Miscellaneous: You never encountered a bones level. Total elapsed playing time was 1 hour, 22 minutes and 56 seconds. Major events: Turn 1: elenmirie the neutral female gnomish Archeologist entered the dungeon 1224: attained the rank of Field Worker (level 3) 2415: entered the Gnomish Mines 3462: attained the rank of Investigator (level 6) 4297: killed by a gold golem Vanquished creatures: 2 leprechauns a dwarf mummy a lizard a dust vortex a water nymph 2 rock piercers 6 fog clouds a yellow light a gray ooze a ghoul a giant ant a little dog a floating eye a kobold shaman 2 rothes a werejackal 3 iguanas 4 killer bees an acid blob 5 coyotes a hobbit a large kobold 3 cave spiders a brown mold 2 yellow molds 6 garter snakes a gnome zombie 4 geckos 18 jackals 3 foxes a sewer rat 7 grid bugs 2 lichens a kobold zombie 6 newts 94 creatures vanquished. No species were genocided or became extinct. Voluntary challenges: You read items or engraved 1 time. You never engraved Elbereth. You never genocided any monsters. You never polymorphed an object. You never changed form. You used no wishes. Achievements: You attained the rank of Field Worker. You entered a shop. You entered the Gnomish Mines. You attained the rank of Investigator. The Dungeons of Doom: levels 1 to 6 Level 1: Level 2: A sink. Level 3: An altar, some fountains, a sink. Level 4: A fountain. Stairs down to The Gnomish Mines. Level 5: A fountain. Level 6: <- You were here. Final resting place for you, killed by a gold golem. The Gnomish Mines: Level 5: Game over: ---------- / \ / REST \ / IN \ / PEACE \ / \ | elenmirie | | 3873 Au | | killed by a gold | | golem | | | | | | 2024 | *| * * * | * _________)/\\_//(\/(/\)/\//\/|_)_______ Goodbye elenmirie the Archeologist... You died in The Dungeons of Doom on dungeon level 6 with 6036 points, and 3873 pieces of gold, after 4297 moves. You were level 6 with a maximum of 55 hit points when you died.